AoeStats
← EmbodiedSmile57

Lombardia

509746690Analyzed
4v4 RM · 6d ago on Sep 27, 2026· 79m 26s· 8 players
Game mode
Random Map
Map size
Large (8 player)
Population
200
Speed
Normal
Resources
Standard
Victory
Conquest
Starting age
Dark Age
Ending age
Imperial Age
RankedLock teamsTeams togetherTeam positionsShared explorationLock speedFull tech treeHidden civsTurbo modeCheats
Victory
Defeat
🇺🇸 Byzantines · United States
875
+12
🇺🇸 Slavs · United States
861
+12
🇺🇸 Danes · United States
853
+13
🇺🇸 Armenians · United States
678
+19
🇪🇸 Lithuanians · Spain
806
-15
🇲🇽 Bohemians · Mexico
794
-36
🇵🇹 Persians · Portugal
772
-14
🇬🇧 Portuguese · United Kingdom
732
-12
HeroicFox2082
6:40 Loom
6:50 Loom
10:46 Feudal Age
14:16 Double-Bit Axe
17:30 Horse Collar
21:09 Castle Age
22:05 Bow Saw
23:32 Pikeman
25:01 Heavy Plow
27:52 Wheelbarrow
31:45 Forging
31:28 Fletching
34:14 Imperial Age
33:06 Chemistry
32:20 Fortified Wall
39:58 Hand Cart
41:50 Caravan
43:23 Town Watch
43:45 Scale Mail Armor
43:25 Halberdier
53:20 Guilds
56:19 Murder Holes
58:26 Man-at-Arms
60:21 Long Swordsman
61:48 Iron Casting
61:09 Bodkin Arrow
63:38 Two-Handed Swordsman
65:11 Champion
67:28 Padded Archer Armor
76:35 Two-Man Saw
yenepu
0:32 Loom
11:55 Feudal Age
12:32 Double-Bit Axe
12:32 Horse Collar
22:48 Castle Age
21:25 Wheelbarrow
20:48 Stone Mining
22:21 Gold Mining
24:27 Bow Saw
24:19 Heavy Plow
25:53 Caravan
26:34 Fervor
27:16 Pikeman
27:56 Squires
28:11 Husbandry
32:33 Parthian Tactics
38:25 Imperial Age
36:14 Hand Cart
38:23 Heavy Camel Rider
39:45 Cavalier
40:36 Bloodlines
43:43 Crop Rotation
43:57 Gold Shaft Mining
43:57 Stone Shaft Mining
46:02 Two-Man Saw
46:20 Conscription
46:15 Halberdier
47:02 Scale Mail Armor
48:55 Savar
50:04 Forging
50:00 Scale Barding Armor
53:14 Elite Skirmisher
54:43 Ballistics
54:19 Murder Holes
55:54 Citadels
61:30 Iron Casting
61:16 Chain Barding Armor
65:38 Blast Furnace
65:14 Plate Barding Armor
72:04 Light Cavalry
75:06 Hussar
77:18 Fletching
77:29 Padded Archer Armor
collado
11:17 Feudal Age
15:59 Castle Age
19:19 Double-Bit Axe
20:12 Wheelbarrow
19:23 Loom
21:16 Horse Collar
23:25 Forging
24:32 Bow Saw
27:03 Heavy Plow
30:42 Pikeman
32:31 Squires
33:42 Scale Barding Armor
39:54 Iron Casting
45:53 Hand Cart
49:14 Chain Barding Armor
49:38 Caravan
52:51 Imperial Age
53:03 Elite Leitis
54:04 Conscription
55:14 Crop Rotation
54:37 Gold Mining
65:03 Stone Mining
66:49 Two-Man Saw
71:43 Ballistics
72:24 Chemistry
71:38 Fortified Wall
Dean Filmore
9:53 Loom
13:05 Feudal Age
14:56 Horse Collar
17:04 Double-Bit Axe
20:40 Castle Age
22:51 Wheelbarrow
22:19 Heavy Plow
25:02 Bow Saw
26:09 Hand Cart
26:08 Forging
25:48 Fletching
25:59 Scale Mail Armor
25:59 Padded Archer Armor
27:02 Pikeman
31:00 Imperial Age
30:59 Iron Casting
35:46 Blast Furnace
35:01 Chain Mail Armor
34:51 Caravan
35:44 Ballistics
37:13 Conscription
39:18 Arquebus
38:41 Elite Organ Gun
41:37 Plate Mail Armor
42:54 Town Watch
43:20 Scale Barding Armor
43:32 Halberdier
43:58 Arson
44:27 Town Patrol
45:35 Stone Mining
45:37 Gold Mining
45:49 Bodkin Arrow
46:09 Leather Archer Armor
46:14 Chain Barding Armor
49:48 Chemistry
49:00 Fortified Wall
49:02 Masonry
48:48 Murder Holes
52:58 Architecture
52:39 Siege Engineers
68:26 Bloodlines
68:16 Husbandry
67:37 Light Cavalry
EmbodiedSmile57
6:00 Loom
13:57 Feudal Age
14:19 Horse Collar
14:29 Double-Bit Axe
14:37 Gold Mining
17:05 Stone Mining
23:19 Castle Age
26:47 Heavy Plow
27:29 Caravan
29:19 Pikeman
33:50 Imperial Age
33:24 Halberdier
34:53 Conscription
36:05 Bow Saw
39:38 Gold Shaft Mining
39:23 Man-at-Arms
39:55 Arson
40:11 Squires
39:57 Gambesons
40:30 Forging
40:26 Scale Barding Armor
40:22 Scale Mail Armor
40:15 Fletching
40:26 Padded Archer Armor
41:47 Wheelbarrow
40:43 Long Swordsman
41:14 Elite Composite Bowman
42:12 Fereters
43:01 Iron Casting
42:53 Chain Barding Armor
43:48 Hand Cart
44:23 Two-Handed Swordsman
48:40 Champion
49:48 Bodkin Arrow
50:09 Leather Archer Armor
50:55 Blast Furnace
50:11 Chain Mail Armor
59:23 Husbandry
59:34 Bloodlines
58:47 Cavalier
67:33 Bracer
68:04 Ring Archer Armor
68:05 Plate Mail Armor
Tonto
5:33 Loom
11:10 Feudal Age
12:02 Double-Bit Axe
14:40 Horse Collar
18:21 Scale Barding Armor
18:27 Forging
21:00 Castle Age
22:03 Bow Saw
21:58 Husbandry
24:22 Wheelbarrow
28:13 Caravan
29:07 Chain Barding Armor
29:22 Iron Casting
35:21 Imperial Age
33:10 Hand Cart
35:18 Heavy Plow
37:26 Plate Barding Armor
37:26 Iron Casting
37:50 Conscription
38:40 Two-Man Saw
42:16 Logistica
48:09 Hoardings
46:55 Elite Cataphract
47:26 Heavy Camel Rider
50:37 Fervor
52:07 Ballistics
52:47 Chemistry
51:47 Murder Holes
54:37 Block Printing
54:48 Sanctity
55:10 Theocracy
56:43 Crop Rotation
59:41 Bombard Tower
60:39 Guilds
61:00 Coinage
68:52 Banking
71:18 Arrowslits
chicken hatter
7:37 Loom
9:42 Feudal Age
10:59 Double-Bit Axe
12:19 Horse Collar
19:49 Castle Age
18:25 Scale Mail Armor
18:36 Forging
20:58 Squires
20:43 Arson
20:44 Gambesons
21:36 Iron Casting
24:29 Chain Mail Armor
26:24 Caravan
27:22 Bow Saw
27:14 Heavy Plow
33:07 Imperial Age
31:14 Wheelbarrow
32:14 Hamask
35:15 Blast Furnace
34:47 Caravan
39:10 Hand Cart
38:53 Onager
39:58 Elite Jomsviking
42:18 Stone Mining
42:53 Elite Varangian Guard
48:22 Siege Onager
62:43 Elite Skirmisher
65:46 Fletching
66:27 Plate Mail Armor
67:33 Bodkin Arrow
Ahab Schrader
2:14 Loom
10:50 Feudal Age
12:24 Wheelbarrow
11:34 Town Watch
11:38 Double-Bit Axe
14:13 Horse Collar
14:26 Gold Mining
14:28 Stone Mining
21:31 Castle Age
22:31 Heavy Plow
22:59 Bow Saw
23:28 Caravan
24:21 Hand Cart
24:11 Town Patrol
24:57 Gold Shaft Mining
25:38 Squires
24:58 Man-at-Arms
26:19 Pikeman
26:20 Long Swordsman
28:26 Fortified Wall
30:59 Imperial Age
31:37 Forging
31:28 Scale Mail Armor
31:33 Scale Barding Armor
31:18 Two-Handed Swordsman
32:31 Crop Rotation
33:05 Two-Man Saw
33:58 Detinets
34:19 Conscription
34:00 Druzhina
36:26 Iron Casting
36:07 Chain Mail Armor
36:13 Chain Barding Armor
39:18 Blast Furnace
38:49 Plate Mail Armor
37:45 Champion
37:48 Halberdier
40:37 Elite Boyar
41:08 Sappers
42:05 Murder Holes
42:20 Masonry
44:02 Plate Barding Armor
48:16 Ballistics
48:56 Chemistry
50:45 Hoardings
52:21 Coinage
60:37 Banking
73:40 Siege Engineers
Connection lost

Rejoining the realm…

Still unreachable

The connection could not be restored.

Session expired

The server has moved on; the page needs a fresh start.